PL
RICHARDSON CITY THUNDERCATS @ WIZARDING EXPRESS
08/02/2026
 
TOP OF THE 1ST
Richardson City Thundercats batting - Pitching for Wizarding Express : RHP Ralph McKinney
Pitching: RHP Ralph McKinney
Batting: RHB Chriss Mann 0-0: Ball
1-0: Ball
2-0: Ball
3-0: Called Strike
3-1: Called Strike
3-2: Foul Ball, location: 2F
3-2: Foul Ball, location: 2F
3-2: Foul Ball, location: 2F
3-2: Foul Ball, location: 2F
3-2: Base on Balls
Batting: LHB Eduardo Álvarez 0-0: Called Strike
0-1: Swinging Strike
0-2: Ball
1-2: Foul Ball, location: 2F
1-2: Fly out, F7 (Flyball, 7LM)
Batting: LHB Fernando Ramírez 0-0: Foul Ball, location: 2F
0-1: Foul Ball, location: 2F
0-2: Ball
1-2: Ball
2-2: Ball
3-2: Fly out, F9 (Flyball, 9S)
Batting: LHB Terrence Eler 0-0: Called Strike
0-1: Called Strike
0-2: Ball
1-2: Foul Ball, location: 2F
1-2: Ball
2-2: Strikes out looking
Top of the 1st over - 0 run(s), 0 hit(s), 0 error(s), 1 left on base; Richardson City 0 - Wizarding 0
BOTTOM OF THE 1ST
Wizarding Express batting - Pitching for Richardson City Thundercats : RHP Josef van der Poel
Pitching: RHP Josef van der Poel
Batting: RHB Chi-ju Zhang 0-0: Fly out, F8 (Flyball, 78M)
Batting: RHB Cole Shaffer 0-0: Ball
1-0: Ball
2-0: Foul Ball, location: 2F
2-1: Foul Ball, location: 2F
2-2: SINGLE (Groundball, 34D)
Batting: LHB Nathan Tanner 0-0: Called Strike
0-1: SINGLE (Groundball, 5D)
Cole Shaffer to second
Batting: LHB Kyung-chor Pang 0-0: Ball
1-0: Ball
2-0: Ball
3-0: Called Strike
3-1: SINGLE (Groundball, 4D)
Cole Shaffer to third
Nathan Tanner to second
Runner from 3rd tries for Home, SAFE, no throw
Batting: RHB Ed Whitaker 0-0: Swinging Strike
0-1: Ball
1-1: Foul Ball, location: 2F
1-2: Strikes out swinging
Batting: RHB Rafael Arredondo 0-0: Foul Ball, location: 2F
0-1: Ball
1-1: Ground out 5-3 (Groundball, 56S)
Bottom of the 1st over - 1 run(s), 3 hit(s), 0 error(s), 2 left on base; Richardson City 0 - Wizarding 1
TOP OF THE 2ND
Richardson City Thundercats batting - Pitching for Wizarding Express : RHP Ralph McKinney
Batting: SHB Mitch Qualtrough 0-0: Ball
1-0: Ground out U3 (Groundball, 34D)
Batting: RHB Alden Wiley 0-0: Ball
1-0: Called Strike
1-1: Ball
2-1: Ball
3-1: Called Strike
3-2: Fly out, F6 (Popup, 56D)
Batting: RHB Joey Jones 0-0: Ball
1-0: Ball
2-0: Ball
3-0: Called Strike
3-1: Base on Balls
Batting: RHB Fernando Rivera 0-0: Ball
1-0: Called Strike
1-1: Fly out, F8 (Flyball, 89M)
Top of the 2nd over - 0 run(s), 0 hit(s), 0 error(s), 1 left on base; Richardson City 0 - Wizarding 1
BOTTOM OF THE 2ND
Wizarding Express batting - Pitching for Richardson City Thundercats : RHP Josef van der Poel
Batting: RHB Turner Coleman 0-0: Swinging Strike
0-1: Foul Ball, location: 2F
0-2: Ball
1-2: Strikes out swinging
Batting: RHB Jesús Cisneros 0-0: Fly out, F4 (Line Drive, 4)
Batting: RHB Wu Le 0-0: Ball
1-0: Called Strike
1-1: Foul Ball, location: 2F
1-2: Foul Ball, location: 2F
1-2: Fly out, F6 (Popup, 6D)
Bottom of the 2nd over - 0 run(s), 0 hit(s), 0 error(s), 0 left on base; Richardson City 0 - Wizarding 1
TOP OF THE 3RD
Richardson City Thundercats batting - Pitching for Wizarding Express : RHP Ralph McKinney
Batting: LHB Carroll Martin 0-0: Foul Ball, location: 2F
0-1: Called Strike
0-2: Strikes out swinging
Batting: RHB Chriss Mann 0-0: Swinging Strike
0-1: Foul Ball, location: 2F
0-2: Ball
1-2: Hit by Pitch
Batting: LHB Eduardo Álvarez 0-0: Fly out, F4 (Popup, 4S)
Batting: LHB Fernando Ramírez 0-0: Ball
Chriss Mann is caught stealing 2nd base
Top of the 3rd over - 0 run(s), 0 hit(s), 0 error(s), 0 left on base; Richardson City 0 - Wizarding 1
BOTTOM OF THE 3RD
Wizarding Express batting - Pitching for Richardson City Thundercats : RHP Josef van der Poel
Batting: RHB Chi-ju Zhang 0-0: Ball
1-0: Ground out 4-3 (Groundball, 4)
Batting: RHB Cole Shaffer 0-0: Foul Ball, location: 2F
0-1: Foul Ball, location: 2F
0-2: Foul Ball, location: 2F
0-2: Ball
1-2: Ball
2-2: Strikes out swinging
Batting: LHB Nathan Tanner 0-0: Ball
1-0: Called Strike
1-1: Called Strike
1-2: Strikes out looking
Bottom of the 3rd over - 0 run(s), 0 hit(s), 0 error(s), 0 left on base; Richardson City 0 - Wizarding 1
TOP OF THE 4TH
Richardson City Thundercats batting - Pitching for Wizarding Express : RHP Ralph McKinney
Batting: LHB Fernando Ramírez 0-0: Called Strike
0-1: Ball
1-1: Called Strike
1-2: Foul Ball, location: 2F
1-2: Foul Ball, location: 2F
1-2: Strikes out looking
Batting: LHB Terrence Eler 0-0: Ball
1-0: Ball
2-0: SINGLE (Groundball, 6MD)
Batting: SHB Mitch Qualtrough 0-0: Swinging Strike
0-1: Called Strike
0-2: Strikes out swinging
Batting: RHB Alden Wiley 0-0: Ball
1-0: Swinging Strike
1-1: Ball
2-1: Foul Ball, location: 2F
2-2: Strikes out swinging
Top of the 4th over - 0 run(s), 1 hit(s), 0 error(s), 1 left on base; Richardson City 0 - Wizarding 1
BOTTOM OF THE 4TH
Wizarding Express batting - Pitching for Richardson City Thundercats : RHP Josef van der Poel
Batting: LHB Kyung-chor Pang 0-0: Foul Ball, location: 2F
0-1: Ball
1-1: Ball
2-1: Ball
3-1: Fly out, F7 (Flyball, 7LS)
Batting: RHB Ed Whitaker 0-0: Ball
1-0: Ball
2-0: Foul Ball, location: 2F
2-1: Ground out 5-3 (Groundball, 56)
Batting: RHB Rafael Arredondo 0-0: Ball
1-0: Ball
2-0: Foul Ball, location: 2F
2-1: Ball
3-1: Fly out, F9 (Flyball, 9LSF)
Bottom of the 4th over - 0 run(s), 0 hit(s), 0 error(s), 0 left on base; Richardson City 0 - Wizarding 1
TOP OF THE 5TH
Richardson City Thundercats batting - Pitching for Wizarding Express : RHP Ralph McKinney
Batting: RHB Joey Jones 0-0: Ball
1-0: Ball
2-0: Called Strike
2-1: Ball
3-1: Called Strike
3-2: Strikes out swinging
Batting: RHB Fernando Rivera 0-0: Called Strike
0-1: Foul Ball, location: 2F
0-2: Ball
1-2: Ball
2-2: Strikes out swinging
Batting: LHB Carroll Martin 0-0: Ball
1-0: Called Strike
1-1: Fly out, F8 (Flyball, 8LS)
Top of the 5th over - 0 run(s), 0 hit(s), 0 error(s), 0 left on base; Richardson City 0 - Wizarding 1
BOTTOM OF THE 5TH
Wizarding Express batting - Pitching for Richardson City Thundercats : RHP Josef van der Poel
Batting: RHB Turner Coleman 0-0: Hit by Pitch
Batting: RHB Jesús Cisneros 0-0: Sac Bunt - play at first, batter OUT! 4-3
Turner Coleman to second
Batting: RHB Wu Le 0-0: Called Strike
0-1: Ground out 6-3 (Groundball, 6)
Batting: RHB Chi-ju Zhang 0-0: Called Strike
0-1: SINGLE (Line Drive, 6D)
Turner Coleman to third
Runner from 3rd tries for Home, SAFE, no throw
Batting: RHB Cole Shaffer 0-0: Called Strike
0-1: Foul Ball, location: 2F
0-2: Foul Ball, location: 2F
0-2: Strikes out swinging
Bottom of the 5th over - 1 run(s), 1 hit(s), 0 error(s), 1 left on base; Richardson City 0 - Wizarding 2
TOP OF THE 6TH
Richardson City Thundercats batting - Pitching for Wizarding Express : RHP Ralph McKinney
Batting: RHB Chriss Mann 0-0: Called Strike
0-1: Ball
1-1: Swinging Strike
1-2: Fly out, F8 (Flyball, 78D)
Batting: LHB Eduardo Álvarez 0-0: Ball
1-0: Foul Ball, location: 2F
1-1: Called Strike
1-2: Foul Ball, location: 2F
1-2: Strikes out swinging
Batting: LHB Fernando Ramírez 0-0: Swinging Strike
0-1: Ball
1-1: Fly out, F8 (Flyball, 8LM)
Top of the 6th over - 0 run(s), 0 hit(s), 0 error(s), 0 left on base; Richardson City 0 - Wizarding 2
BOTTOM OF THE 6TH
Wizarding Express batting - Pitching for Richardson City Thundercats : RHP Josef van der Poel
Batting: LHB Nathan Tanner 0-0: Called Strike
0-1: Ball
1-1: Ball
2-1: SOLO HOME RUN (Line Drive, 9D), Distance : 354 ft
Batting: LHB Kyung-chor Pang 0-0: Called Strike
0-1: Swinging Strike
0-2: DOUBLE (Line Drive, 8RD)
Batting: RHB Ed Whitaker 0-0: Called Strike
0-1: Ball
1-1: Ground out 6-3 (Groundball, 6)
Kyung-chor Pang to third
Batting: RHB Rafael Arredondo 0-0: Ball
1-0: Ball
2-0: Called Strike
2-1: Ball
3-1: Foul Ball, location: 2F
3-2: Foul Ball, location: 2F
3-2: Foul Ball, location: 2F
3-2: Foul Ball, location: 2F
3-2: Foul Ball, location: 2F
3-2: Foul Ball, location: 2F
3-2: Foul Ball, location: 2F
3-2: Fly out, F8 (Flyball, 8LD)
Runner from 3rd tags up, SCORES, no throw
Pitching: LHP Armando Gonzáles
Batting: RHB Turner Coleman 0-0: Ball
1-0: Swinging Strike
1-1: Foul Ball, location: 2F
1-2: Foul Ball, location: 2F
1-2: Strikes out swinging
Bottom of the 6th over - 2 run(s), 2 hit(s), 0 error(s), 0 left on base; Richardson City 0 - Wizarding 4
TOP OF THE 7TH
Richardson City Thundercats batting - Pitching for Wizarding Express : RHP Ralph McKinney
Pitching: LHP Ming-jiang Wu
Batting: LHB Terrence Eler 0-0: Ground out 4-3 (Groundball, 4)
Batting: SHB Mitch Qualtrough 0-0: Called Strike
0-1: Ball
1-1: Foul Ball, location: 2F
1-2: Strikes out swinging
Batting: RHB Alden Wiley 0-0: Ball
1-0: Swinging Strike
1-1: Swinging Strike
1-2: Strikes out swinging
Top of the 7th over - 0 run(s), 0 hit(s), 0 error(s), 0 left on base; Richardson City 0 - Wizarding 4
BOTTOM OF THE 7TH
Wizarding Express batting - Pitching for Richardson City Thundercats : LHP Armando Gonzáles
Batting: RHB Jesús Cisneros 0-0: Fly out, F7 (Flyball, 7S)
Batting: RHB Wu Le 0-0: Ball
1-0: Called Strike
1-1: Swinging Strike
1-2: Strikes out swinging
Batting: RHB Chi-ju Zhang 0-0: Ball
1-0: Foul Ball, location: 2F
1-1: Foul Ball, location: 2F
1-2: Ball
2-2: Foul Ball, location: 2F
2-2: Strikes out swinging
Bottom of the 7th over - 0 run(s), 0 hit(s), 0 error(s), 0 left on base; Richardson City 0 - Wizarding 4
TOP OF THE 8TH
Richardson City Thundercats batting - Pitching for Wizarding Express : LHP Ming-jiang Wu
Batting: RHB Joey Jones 0-0: Called Strike
0-1: Ball
1-1: Foul Ball, location: 2F
1-2: Fly out, F7 (Flyball, 7D)
Batting: RHB Fernando Rivera 0-0: Ground out 1-3 (Groundball, 13S)
Batting: LHB Carroll Martin 0-0: Ball
1-0: Foul Ball, location: 2F
1-1: Ball
2-1: Ball
3-1: Base on Balls
Batting: RHB Chriss Mann 0-0: Ball
1-0: Ball
2-0: Foul Ball, location: 2F
2-1: Foul Ball, location: 2F
2-2: Foul Ball, location: 2F
2-2: Ball
3-2: Fly out, F5 (Popup, 5D)
Top of the 8th over - 0 run(s), 0 hit(s), 0 error(s), 1 left on base; Richardson City 0 - Wizarding 4
BOTTOM OF THE 8TH
Wizarding Express batting - Pitching for Richardson City Thundercats : LHP Armando Gonzáles
Batting: RHB Cole Shaffer 0-0: Foul Ball, location: 2F
0-1: Ball
1-1: Foul Ball, location: 2F
1-2: Strikes out swinging
Batting: LHB Nathan Tanner 0-0: Fly out, F7 (Flyball, 7LSF)
Batting: LHB Kyung-chor Pang 0-0: Ball
1-0: Ball
2-0: Ball
3-0: Called Strike
3-1: Called Strike
3-2: DOUBLE (Flyball, 78D)
Batting: RHB Ed Whitaker 0-0: Swinging Strike
0-1: Called Strike
0-2: Strikes out swinging wild pitch, reaches first!
Kyung-chor Pang to third
Batting: RHB Rafael Arredondo 0-0: Ball
1-0: Swinging Strike
1-1: Ground out 5-3 (Groundball, 5S)
Bottom of the 8th over - 0 run(s), 1 hit(s), 0 error(s), 2 left on base; Richardson City 0 - Wizarding 4
TOP OF THE 9TH
Richardson City Thundercats batting - Pitching for Wizarding Express : LHP Ming-jiang Wu
Batting: LHB Eduardo Álvarez 0-0: Swinging Strike
0-1: Swinging Strike
0-2: Strikes out swinging
Batting: LHB Fernando Ramírez 0-0: Ball
1-0: Ball
2-0: Called Strike
2-1: Ball
3-1: Ground out 4-3 (Groundball, 34D)
Batting: LHB Terrence Eler 0-0: Called Strike
0-1: Ball
1-1: Foul Ball, location: 2F
1-2: Ball
2-2: Strikes out swinging
Top of the 9th over - 0 run(s), 0 hit(s), 0 error(s), 0 left on base; Richardson City 0 - Wizarding 4
Monday, March 20th, 2017 - OOTP Baseball 17.12 Build 75